 Dungeon Crawl Stone Soup version 0.29.1-1-gd02db6906a (webtiles) character file.

Game seed: 6658755731661249960

41 Groucho the Twirler (level 3, -12/33 HPs)
             Began as a Gargoyle Gladiator on Sept 26, 2022.
             Mangled by a titan skeleton (28 damage)
             ... on level 1 of the Abyss.
             The game lasted 00:03:30 (2497 turns).

Groucho the Twirler (Gargoyle Gladiator)            Turns: 2497, Time: 00:03:31

Health: -12/33     AC: 21    Str: 16 (19) XL:     3   Next: 52%
Magic:  3/3        EV:  2    Int:  6 (8)  God:
Gold:   115        SH:  0    Dex:  9 (11) Spells: 2/2 levels left

rFire   + . .      SeeInvis .   a - +0 quarterstaff
rCold   + . .      Faith    .   (shield currently unavailable)
rNeg    + . .      Spirit   .   (body armour currently unavailable)
rPois   ∞          Reflect  .   (helmet currently unavailable)
rElec   +          Harm     .   (cloak currently unavailable)
rCorr   +          Rampage  .   (gloves currently unavailable)
Will    .....      NoTele   +   (boots currently unavailable)
Stlth   +.........              (no amulet)
HPRegen 0.11/turn               (no ring)
MPRegen 0.08/turn               (no ring)

@: tree-form (expiring), resistant
A: stationary, stasis, torment immunity, boosted hp, sickness immunity, AC +3,
negative energy resistance 1, (electricity resistance), torment resistance 1,
petrification resistance
a: no special abilities


You were on level 1 of the Abyss.
You were a tree.
You visited 1 branch of the dungeon, and saw 2 of its levels.
You visited the Abyss 1 time.

You collected 115 gold pieces.

Inventory:

Hand Weapons
 a - a +0 quarterstaff (weapon)
 p - the +9 flail "Jiakofawiu" {freeze, *Rage rElec rPois}
   (You found it on level 2 of the Dungeon)

   It freezes those it strikes, dealing additional cold damage.
   It can also slow down cold-blooded creatures.
   rElec:     It insulates you from electricity.
   rPois:     It protects you from poison.
   *Rage:     It berserks you when you make melee attacks (+20% chance).
Missiles
 d - 3 throwing nets
 e - a javelin
 t - 4 stones (quivered)
Armour
 b - a +0 leather armour (melded)
 c - a +0 helmet (melded)
 j - a +0 pair of boots (melded)
 k - a +0 kite shield
Scrolls
 f - 2 scrolls of immolation {unknown}
 g - a scroll of fear {unknown}
 h - 2 scrolls of teleportation {unknown}
 i - 2 scrolls of identify {unknown}
 m - a scroll of blinking {unknown}
 r - a scroll of enchant armour {unknown}
Potions
 l - a potion of curing
 n - a potion of resistance


   Skills:
 + Level 2.8 Fighting
 + Level 3.3 Staves
 + Level 2.2 Throwing
 + Level 2.8 Dodging


You had 2 spell levels left.
You didn't know any spells.
Your spell library was empty.

Dungeon Overview and Level Annotations

Branches:
Dungeon (2/15)

Altars:

Annotations:
D:2 Crazy Yiuf


Innate Abilities, Weirdness & Mutations

You are a tree.
Your roots penetrate the ground, keeping you stationary.
You cannot be teleported.
You are immune to unholy pain and torment.
Your maximum health is greatly increased.
Your equipment is partially melded.
You are immune to sickness and miasma.
((Your stone body is resilient. (AC +3)))
You are immune to poison.
You resist negative energy. (rN+)
((You are resistant to electric shocks. (rElec)))
You are resistant to unholy torment.
You are immune to petrification.


Message History

It was a potion of flight.
Your roots keep you in place.
It was a potion of degeneration.
There was something very wrong with that liquid.
You feel weakened.
You feel dopey.
You feel clumsy.
You open the door. You closely miss Crazy Yiuf.
Crazy Yiuf hits you but does no damage.
You hit Crazy Yiuf but do no damage. Crazy Yiuf hits you but does no damage.
You sock Crazy Yiuf!
Crazy Yiuf is heavily wounded.
Crazy Yiuf hits you with a +3 quarterstaff of chaos.
You hit Crazy Yiuf.
Crazy Yiuf is heavily wounded.
Crazy Yiuf cries, "Trifle!
Mountain spinner cloud."
Crazy Yiuf hits you with a +3 quarterstaff of chaos!
Crazy Yiuf burns you.
You hit Crazy Yiuf.
Crazy Yiuf is severely wounded.
Crazy Yiuf hits you with a +3 quarterstaff of chaos.
You feel yourself slow down.
You are too injured to fight recklessly!
You are too injured to fight recklessly!
You barely miss Crazy Yiuf.
Crazy Yiuf is severely wounded.
Crazy Yiuf hits you with a +3 quarterstaff of chaos. x2
You are cast into the Abyss!
This branch contains the abyssal rune of Zot.
Unknown command.
You start resting.
You feel yourself speed up.
You start resting.
A titan skeleton comes into view.
A titan skeleton is nearby!
A titan skeleton is nearby!
A titan skeleton is nearby!
You sock the titan skeleton!
The titan skeleton is lightly damaged.
Your transformation is almost over.
The titan skeleton hits you!!
Ouch! That really hurt!
You die...

#..
...
##.##
#...#
#...#
...
#'#
♣♣♣
♣Z♣♣
♣. .♣
#♣ ♣


You could see a titan skeleton.

Vanquished Creatures
  An adder (D:2)
  3 ball pythons
  An endoplasm (D:2)
  3 giant cockroaches
  4 goblins (D:1)
  3 hobgoblins
  5 kobolds (D:1)
  3 quokkas (D:1)
  2 bats
  3 rats (D:1)
28 creatures vanquished.

Notes
Turn   | Place    | Note
-------+----------+-------------------------------------------
     0 | D:1      | Groucho the Gargoyle Gladiator began the quest for the Orb.
     0 | D:1      | Reached XP level 1. HP: 12/12 MP: 1/1
   586 | D:1      | Reached XP level 2. HP: 18/18 MP: 2/2
  1616 | D:1      | Reached XP level 3. HP: 22/22 MP: 3/3
  1958 | D:2      | Found a faded altar of an unknown god.
  2007 | D:2      | Identified the +9 flail "Jiakofawiu" {freeze, *Rage rElec
                  | rPois}
  2419 | D:2      | Found a runed translucent door.
  2420 | D:2      | Noticed Crazy Yiuf
  2474 | Abyss:1  | Cast into level 1 of the Abyss (Crazy Yiuf)
  2495 | Abyss:1  | Noticed a titan skeleton
  2497 | Abyss:1  | Mangled by a titan skeleton

Illustrated notes

Levels and vault maps discovered:
D:1:      ncdulo_wetmaze, layout_basic
D:2:      layout_basic, dreamdust_ecumenical_altar_hidden_monk_grotto,
          uniq_crazy_yiuf_cottage
Abyss:1:  base:
D:1

Skill      XL: |  1  2 |
---------------+-------+-----
Throwing       | 2 |  2.2
Fighting       | |  2.8
Staves         | |  3.3
Dodging        | |  2.8

Action                   || total
-------------------------++-------
Melee: Quarterstaff      ||   101
Throw: Stone             ||     1
  Use: Potion            ||     5
Armor: Leather armour    ||    38
       Skin              ||     2
Dodge: Dodged            ||    63
